Map: Triton LE

Players

Denver

  • Race: Zerg Zerg
  • Spawn Location: 5:00

JonSnow - Winner!

  • Race: Zerg Zerg
  • Spawn Location: 11:00

VOD

Have the link to the VOD?

Description

Time

  • Played on: Sept. 6, 2019, 3:54 p.m.
  • Length: 7:45
Show
View Real Time Build Order
Export as new Build Order

Denver Zerg 

Build Orders: 1 Base Baneling Bust, Pool First, Zergling Baneling 

Get SALT Encoding   

  12  0:00  Drone  
  13  0:09  Extractor  
  12  0:24  Spawning Pool  
  12  0:28  Drone  
  12  0:33  Drone  
  13  0:46  Overlord  
  13  1:11  Zergling x6  
  16  1:16  Metabolic Boost  
  16  1:22  Zergling x2  
  19  1:37  Zergling x2  
  19  1:39  Baneling Nest  
  17  1:45  Zergling x2  
  18  1:50  Queen  
  20  1:55  Zergling x2  
  21  2:06  Overlord  
  21  2:25  Zergling x2, Baneling x2  
  21  2:26  Baneling  
  21  2:29  Baneling  
  22  2:30  Zergling x2  
  22  2:50  Zergling x4  
  19  2:59  Zergling x6  
  21  3:06  Zergling x2  
  22  3:14  Drone  
  23  3:23  Baneling x4  
  23  3:25  Zergling x2  
  24  3:33  Zergling x2  
  24  3:34  Zergling x4  
  27  3:38  Baneling  
  27  3:45  Zergling x2  
  26  3:58  Zergling x2  
  26  4:02  Baneling x2  
  25  4:04  Baneling  
  25  4:05  Zergling x4  
  25  4:07  Zergling x2  
  28  4:15  Zergling x2  
  29  4:18  Baneling  
  28  4:25  Zergling x2  
  27  4:35  Zergling x2  
  25  4:40  Zergling x6  
  27  4:50  Drone  
  28  5:00  Drone  
  29  5:20  Hatchery  
  28  5:27  Baneling x2  
  29  5:28  Drone  
  29  5:35  Overlord  
  29  5:49  Drone x2  
  29  5:57  Queen  
  29  5:58  Drone  
  29  6:03  Baneling  
  32  6:04  Baneling  
  32  6:06  Drone  
  32  6:08  Drone  
  32  6:11  Drone  
  35  6:17  Drone  
  35  6:28  Zergling x6  
  38  6:39  Baneling x2  
  38  6:40  Drone x2  
  38  6:43  Drone  
  41  6:52  Drone  
  41  6:56  Drone  
  41  7:00  Drone  
  43  7:09  Drone  
  44  7:22  Overlord  
  43  7:31  Extractor  
Show
View Real Time Build Order
Export as new Build Order

JonSnow Zerg - Winner!

Build Orders: Hatch First 

Get SALT Encoding   

  12  0:00  Drone  
  13  0:13  Overlord  
  13  0:16  Drone  
  14  0:31  Drone x2  
  16  0:48  Hatchery  
  15  0:51  Drone  
  15  0:54  Drone  
  17  0:58  Drone  
  18  1:08  Extractor  
  17  1:14  Spawning Pool  
  17  1:17  Drone  
  17  1:20  Drone  
  18  1:28  Drone  
  19  1:39  Drone  
  20  2:01  Zergling x2  
  20  2:02  Zergling x4, Queen x2  
  20  2:04  Spine Crawler  
  26  2:12  Zergling x4  
  28  2:25  Spine Crawler  
  27  2:34  Zergling x2  
  23  2:53  Zergling x4  
  23  2:54  Zergling x6  
  26  3:04  Queen  
  28  3:09  Overlord  
  27  3:27  Queen  
  27  3:30  Drone x4  
  27  3:34  Drone  
  34  3:38  Drone  
  35  3:48  Overlord  
  35  3:56  Queen  
  36  4:02  Spine Crawler  
  36  4:08  Metabolic Boost  
  35  4:12  Zergling x2  
  35  4:13  Zergling x2  
  37  4:18  Zergling x4  
  38  4:24  Zergling x2  
  38  4:25  Zergling x4  
  39  4:37  Queen  
  41  4:41  Drone x3  
  44  4:51  Baneling Nest  
  43  4:56  Baneling Nest  
  43  4:57  Zergling x2  
  44  5:07  Overlord  
  43  5:23  Spine Crawler  
  43  5:25  Zergling x8  
  50  5:30  Drone  
  47  5:36  Drone x2  
  47  5:38  Drone  
  47  5:40  Lair  
  46  5:50  Drone x2  
  46  5:53  Extractor  
  46  5:54  Extractor  
  46  5:55  Extractor  
  45  5:58  Baneling x2  
  45  5:59  Drone x2  
  46  6:04  Drone x2  
  46  6:05  Drone  
  46  6:08  Baneling x2  
  46  6:09  Drone  
  46  6:10  Drone  
  51  6:22  Overlord  
  49  6:26  Zergling x6  
  49  6:31  Drone x2  
  52  6:37  Overlord  
  52  6:43  Spire  
  51  6:48  Drone x4  
  55  6:57  Drone  
  55  6:58  Drone x3  
  59  7:03  Overlord  
  59  7:08  Zergling x2  
  59  7:09  Zergling x6  
  62  7:17  Overlord  
  62  7:21  Zergling x8  
Tags
 
Add a new tag
Caveats
  • Supply blocks, unpowered buildings, or Contaminate may cause inaccurate times.
  • Supply counts are checked every 10 seconds.